[ AOE2 MATCH · #505172794 ]
UnrankedSaracens vs Hindustanis
Player's team · LOSS
[ REPLAY ANALYSIS · EXTRACTED FROM THE RECORDED GAME ]
Feudal
9:16
Castle
16:31
Imperial
32:51
| APM avg | 69.7 |
| APM peak | 119 |
| eAPM avg | 37.2 |
| Villagers / military | 283 / 281 |
Focus
⚔️ 43.8% · 🌾 56.2%
Scout Cavalry ×143 · Mameluke ×84 · Camel Scout ×38 · Bombard Cannon ×8 · Trebuchet (Packed) ×4 · Monk ×2
Feudal
8:32
Castle
17:37
Imperial
35:47
| APM avg | 40.9 |
| APM peak | 73 |
| eAPM avg | 23.3 |
| Villagers / military | 220 / 295 |
Focus
⚔️ 24.1% · 🌾 75.9%
Camel Scout ×169 · Skirmisher ×69 · Bombard Cannon ×22 · Hand Cannoneer ×20 · Trebuchet (Packed) ×12 · Scout Cavalry ×2
Match map
Initial resources + every placement click. Lines = walls · curves = elevation contours. ◆ gold · ⬟ stone · ● berries · ✦ relic · ◌ wall gap
Your base· Open — 3t gap
Kaepirinha's base· Open — 3t gap
Smoothed initial terrain · ◌ = detected wall gap · hover for details
Inputs per minute
— DS_Laura - - Kaepirinha
Build order — DS_Laura
First 150 of 881 actions detected
| 0:01 | Create | Villager (Male) |
| 0:01 | Create | Villager (Male) |
| 0:02 | Create | Villager (Male) |
| 0:02 | Create | Villager (Male) |
| 0:02 | Create | Villager (Male) |
| 0:04 | Build | House |
| 0:06 | Build | House |
| 0:08 | Build | House |
| 1:18 | Create | Villager (Male) |
| 1:18 | Create | Villager (Male) |
| 1:52 | Build | Lumber Camp |
| 1:54 | Create | Villager (Male) |
| 1:55 | Create | Villager (Male) |
| 2:09 | Create | Villager (Male) |
| 2:09 | Create | Villager (Male) |
| 2:28 | Create | Villager (Male) |
| 2:54 | Create | Villager (Male) |
| 3:15 | Create | Villager (Male) |
| 3:34 | Create | Villager (Male) |
| 3:50 | Build | House |
| 3:53 | Create | Villager (Male) |
| 4:23 | Build | House |
| 4:44 | Create | Villager (Male) |
| 4:46 | Create | Villager (Male) |
| 4:51 | Create | Villager (Male) |
| 5:06 | Create | Villager (Male) |
| 5:34 | Build | Mill |
| 6:15 | Research | Loom |
| 6:52 | Research | Feudal Age |
| 7:57 | Build | Mining Camp |
| 8:34 | Build | Barracks |
| 8:45 | Build | Palisade Wall |
| 8:48 | Build | Palisade Wall |
| 9:15 | Create | Villager (Male) |
| 9:16 | Age | Feudal Age |
| 9:18 | Create | Villager (Male) |
| 9:24 | Create | Villager (Male) |
| 9:28 | Create | Villager (Male) |
| 9:30 | Build | Market |
| 9:34 | Create | Villager (Male) |
| 9:38 | Research | Town Watch |
| 9:39 | Research | Double-Bit Axe |
| 9:40 | Research | Horse Collar |
| 9:58 | Build | Palisade Wall |
| 10:04 | Create | Villager (Male) |
| 10:10 | Create | Villager (Male) |
| 10:15 | Create | Villager (Male) |
| 10:16 | Create | Villager (Male) |
| 10:18 | Build | Outpost |
| 10:21 | Create | Villager (Male) |
| 10:22 | Create | Villager (Male) |
| 10:32 | Create | Villager (Male) |
| 10:43 | Create | Villager (Male) |
| 10:45 | Create | Villager (Male) |
| 10:50 | Build | House |
| 10:52 | Create | Villager (Male) |
| 10:52 | Create | Villager (Male) |
| 11:05 | Build | Archery Range |
| 11:18 | Create | Villager (Male) |
| 11:36 | Create | Villager (Male) |
| 11:53 | Create | Villager (Male) |
| 11:59 | Build | Gate |
| 12:06 | Build | Blacksmith |
| 12:19 | Create | Villager (Male) |
| 12:39 | Create | Villager (Male) |
| 12:51 | Create | Villager (Male) |
| 12:51 | Create | Villager (Male) |
| 12:52 | Create | Villager (Male) |
| 12:56 | Build | Mining Camp |
| 12:57 | Create | Villager (Male) |
| 13:47 | Research | Castle Age |
| 14:10 | Build | Palisade Gate |
| 14:34 | Create | Villager (Male) |
| 14:37 | Build | Watch Tower |
| 14:47 | Create | Villager (Male) |
| 14:55 | Research | Fletching |
| 15:02 | Build | House |
| 15:03 | Build | House |
| 15:13 | Build | Lumber Camp |
| 15:14 | Create | Villager (Male) |
| 15:29 | Create | Villager (Male) |
| 16:01 | Create | Villager (Male) |
| 16:31 | Age | Castle Age |
| 16:33 | Research | Bodkin Arrow |
| 16:34 | Create | Villager (Male) |
| 16:35 | Create | Villager (Male) |
| 16:46 | Create | Villager (Male) |
| 17:00 | Create | Villager (Male) |
| 17:20 | Create | Villager (Male) |
| 17:24 | Research | Bow Saw |
| 17:26 | Create | Villager (Male) |
| 17:40 | Create | Villager (Male) |
| 17:42 | Create | Villager (Male) |
| 18:03 | Create | Villager (Male) |
| 18:04 | Create | Villager (Male) |
| 18:04 | Create | Villager (Male) |
| 18:24 | Create | Villager (Male) |
| 18:29 | Build | Town Center |
| 18:40 | Build | Town Center |
| 18:56 | Build | Farm |
| 18:57 | Build | Farm |
| 18:59 | Build | Farm |
| 19:02 | Build | Farm |
| 19:08 | Build | Farm |
| 19:11 | Build | Farm |
| 19:11 | Build | Farm |
| 20:01 | Create | Villager (Male) |
| 20:20 | Create | Villager (Male) |
| 20:22 | Build | Farm |
| 20:23 | Build | Farm |
| 20:24 | Build | Farm |
| 20:25 | Build | Farm |
| 20:30 | Build | Farm |
| 20:42 | Build | Castle |
| 20:55 | Create | Villager (Male) |
| 20:59 | Build | Farm |
| 21:00 | Build | Farm |
| 21:06 | Build | House |
| 21:07 | Build | House |
| 21:11 | Build | Farm |
| 21:12 | Create | Villager (Male) |
| 21:19 | Build | Farm |
| 21:23 | Build | Farm |
| 21:25 | Build | Farm |
| 21:32 | Create | Villager (Male) |
| 21:34 | Create | Villager (Male) |
| 21:34 | Create | Villager (Male) |
| 21:34 | Create | Villager (Male) |
| 21:45 | Create | Villager (Male) |
| 21:49 | Build | Lumber Camp |
| 21:59 | Create | Villager (Male) |
| 22:08 | Research | Gold Mining |
| 22:09 | Research | Gold Mining |
| 22:15 | Build | Farm |
| 22:16 | Create | Villager (Male) |
| 22:16 | Create | Villager (Male) |
| 22:17 | Build | Farm |
| 22:25 | Build | Farm |
| 22:26 | Create | Villager (Male) |
| 22:26 | Create | Villager (Male) |
| 22:30 | Build | Farm |
| 22:50 | Create | Villager (Male) |
| 22:56 | Create | Villager (Male) |
| 23:05 | Create | Villager (Male) |
| 23:11 | Build | Town Center |
| 23:17 | Create | Villager (Male) |
| 23:25 | Create | Villager (Male) |
| 23:26 | Create | Villager (Male) |
| 23:41 | Research | Wheelbarrow |
| 23:42 | Research | Wheelbarrow |
Build order — Kaepirinha
First 150 of 591 actions detected
| 0:00 | Create | Villager (Male) |
| 0:00 | Create | Villager (Male) |
| 0:02 | Build | House |
| 0:03 | Build | House |
| 0:13 | Build | House |
| 0:19 | Create | Villager (Male) |
| 0:25 | Create | Villager (Male) |
| 1:12 | Create | Villager (Male) |
| 1:37 | Create | Villager (Male) |
| 1:47 | Build | Lumber Camp |
| 2:33 | Create | Villager (Male) |
| 2:33 | Create | Villager (Male) |
| 2:35 | Build | House |
| 3:00 | Create | Villager (Male) |
| 3:26 | Create | Villager (Male) |
| 3:45 | Create | Villager (Male) |
| 3:54 | Create | Villager (Male) |
| 4:21 | Create | Villager (Male) |
| 4:45 | Build | Mill |
| 4:47 | Create | Villager (Male) |
| 5:06 | Create | Villager (Male) |
| 5:20 | Create | Villager (Male) |
| 5:20 | Create | Villager (Male) |
| 5:49 | Create | Villager (Male) |
| 5:49 | Create | Villager (Male) |
| 6:22 | Research | Feudal Age |
| 6:44 | Build | House |
| 7:13 | Research | Loom |
| 7:26 | Build | Barracks |
| 7:29 | Build | House |
| 7:42 | Create | Villager (Male) |
| 7:58 | Build | House |
| 8:08 | Create | Villager (Male) |
| 8:32 | Age | Feudal Age |
| 8:51 | Research | Double-Bit Axe |
| 8:57 | Create | Villager (Male) |
| 9:12 | Build | Archery Range |
| 9:18 | Build | Archery Range |
| 9:20 | Create | Villager (Male) |
| 9:44 | Build | Blacksmith |
| 10:22 | Build | Mining Camp |
| 10:44 | Create | Villager (Male) |
| 10:45 | Create | Villager (Male) |
| 10:50 | Build | House |
| 11:11 | Create | Villager (Male) |
| 11:32 | Build | Farm |
| 11:32 | Build | Farm |
| 11:32 | Build | Farm |
| 11:33 | Build | Farm |
| 11:33 | Build | Farm |
| 11:35 | Research | Horse Collar |
| 11:42 | Create | Villager (Male) |
| 11:52 | Create | Villager (Male) |
| 12:05 | Build | Farm |
| 12:06 | Build | Farm |
| 12:06 | Build | Farm |
| 12:06 | Build | Farm |
| 12:23 | Create | Villager (Male) |
| 12:40 | Build | Farm |
| 12:41 | Build | Farm |
| 12:47 | Build | House |
| 12:57 | Build | Farm |
| 12:59 | Create | Villager (Male) |
| 13:04 | Build | Farm |
| 13:19 | Create | Villager (Male) |
| 13:23 | Build | Farm |
| 13:36 | Build | Farm |
| 14:00 | Create | Villager (Male) |
| 14:51 | Build | Watch Tower |
| 14:57 | Research | Castle Age |
| 15:12 | Create | Skirmisher |
| 15:12 | Create | Skirmisher |
| 15:21 | Build | Lumber Camp |
| 15:27 | Create | Skirmisher |
| 15:52 | Create | Skirmisher |
| 15:59 | Create | Villager (Male) |
| 16:30 | Create | Skirmisher |
| 16:59 | Create | Villager (Male) |
| 17:13 | Research | Fletching |
| 17:33 | Create | Skirmisher |
| 17:33 | Create | Skirmisher |
| 17:37 | Age | Castle Age |
| 17:38 | Research | Elite Skirmisher (upgrade) |
| 17:48 | Research | Padded Archer Armor |
| 17:50 | Create | Villager (Male) |
| 18:18 | Create | Villager (Male) |
| 18:20 | Create | Skirmisher |
| 18:36 | Create | Villager (Male) |
| 18:48 | Build | Mining Camp |
| 19:02 | Create | Skirmisher |
| 19:03 | Create | Skirmisher |
| 19:04 | Create | Villager (Male) |
| 19:28 | Create | Skirmisher |
| 19:28 | Create | Skirmisher |
| 19:39 | Build | House |
| 19:45 | Create | Villager (Male) |
| 19:53 | Build | Lumber Camp |
| 20:04 | Research | Bow Saw |
| 20:10 | Research | Stone Mining |
| 20:21 | Create | Villager (Male) |
| 20:36 | Create | Skirmisher |
| 20:37 | Create | Skirmisher |
| 20:50 | Create | Villager (Male) |
| 20:59 | Build | Town Center |
| 21:04 | Create | Villager (Male) |
| 21:15 | Research | Bodkin Arrow |
| 21:16 | Create | Villager (Male) |
| 21:36 | Build | House |
| 21:39 | Build | House |
| 21:40 | Create | Villager (Male) |
| 21:56 | Create | Villager (Male) |
| 22:02 | Build | House |
| 22:04 | Create | Villager (Male) |
| 22:14 | Create | Villager (Male) |
| 22:31 | Create | Villager (Male) |
| 22:41 | Create | Villager (Male) |
| 23:08 | Build | Town Center |
| 23:11 | Create | Villager (Male) |
| 23:18 | Create | Villager (Male) |
| 23:31 | Create | Villager (Male) |
| 23:37 | Build | Farm |
| 23:37 | Build | Farm |
| 23:38 | Build | Farm |
| 23:39 | Build | Farm |
| 23:45 | Create | Villager (Male) |
| 24:01 | Create | Villager (Male) |
| 24:10 | Build | Mill |
| 24:16 | Create | Villager (Male) |
| 24:19 | Build | Farm |
| 24:20 | Build | Farm |
| 24:21 | Create | Villager (Male) |
| 24:37 | Build | Town Center |
| 24:42 | Build | Farm |
| 24:42 | Build | Farm |
| 24:43 | Build | Farm |
| 24:43 | Build | Farm |
| 24:44 | Create | Villager (Male) |
| 24:49 | Create | Villager (Male) |
| 24:55 | Build | Farm |
| 24:56 | Create | Villager (Male) |
| 25:04 | Create | Villager (Male) |
| 25:13 | Create | Villager (Male) |
| 25:32 | Build | Town Center |
| 25:34 | Create | Villager (Male) |
| 25:38 | Build | Farm |
| 25:38 | Build | Farm |
| 25:39 | Build | Farm |
| 25:39 | Build | Farm |
| 25:48 | Build | Monastery |
| 25:56 | Create | Villager (Male) |
Match timeline
| 7:26 | Kaepirinha · first_building Barracks |
| 8:32 | Kaepirinha · age_up feudal |
| 8:34 | DS_Laura · first_building Barracks |
| 8:45 | DS_Laura · wall_segment Palisade Wall x1 |
| 8:48 | DS_Laura · wall_segment Palisade Wall x1 |
| 9:12 | Kaepirinha · first_building Archery Range |
| 9:16 | DS_Laura · age_up feudal |
| 9:58 | DS_Laura · wall_segment Palisade Wall x1 |
| 11:05 | DS_Laura · first_building Archery Range |
| 13:42 | DS_Laura · first_market_sell 100 wood |
| 13:43 | DS_Laura · first_market_buy 100 food |
| 16:31 | DS_Laura · age_up castle |
| 17:37 | Kaepirinha · age_up castle |
| 20:42 | DS_Laura · first_building Castle |
| 24:45 | DS_Laura · first_building Monastery |
| 25:25 | DS_Laura · first_building Stable |
| 25:48 | Kaepirinha · first_building Monastery |
| 26:11 | DS_Laura · first_building Siege Workshop |
| 31:13 | Kaepirinha · first_building Castle |
| 31:22 | Kaepirinha · first_building Stable |
| 32:51 | DS_Laura · age_up imperial |
| 35:47 | Kaepirinha · age_up imperial |
| 37:39 | Kaepirinha · first_market_sell 100 wood |
| 38:34 | Kaepirinha · first_market_buy 100 stone |
| 39:33 | DS_Laura · wall_segment Stone Wall x3 |
| 42:55 | Kaepirinha · wall_segment Stone Wall x4 |
| 46:02 | Kaepirinha · first_building Siege Workshop |
| 63:16 | DS_Laura · resign |
[ AI ANALYSIS · 1 CREDIT ]
What really happened in this match?
Wolo.gg analyzes every decision: build order, eco, micro, common mistakes by bracket. Personalized analysis on WhatsApp or Discord in 30 seconds.
Civ guide
Saracens
Perfil
Jugador #543349